 Dungeon Crawl Stone Soup version 0.21-a0-582-g1b93aee (webtiles) character file.

80 sithsevirus the Chopper (level 4, -3/40 HPs)
             Began as a Draconian Berserker on Dec 19, 2017.
             Was a Believer of Trog.
             Killed from afar by a dart slug (6 damage)
             ... with a slug dart
             ... on level 2 of the Dungeon.
             The game lasted 00:04:03 (1207 turns).

sithsevirus the Chopper (Draconian Berserker)       Turns: 1207, Time: 00:04:03

Health: -3/40      AC:  5    Str: 19    XL:     4   Next: 18%
Magic:  4/4        EV: 13    Int:  8    God:    Trog [**....]
Gold:   63         SH:  0    Dex: 11    Spells: 3/3 levels left

rFire    . . .     SeeInvis .   a - +0 hand axe
rCold    . . .     Gourm    .   (no shield)
rNeg     . . .     Faith    .   (armour unavailable)
rPois    .         Spirit   .   (helmet restricted)
rElec    .         Reflect  .   (no cloak)
rCorr    .         Harm     .   (no gloves)
MR       .....                  (no boots)
Stlth    +.........             (no amulet)
HPRegen  0.13/turn              (no ring)
MPRegen  0.09/turn              (no ring)

@: no status effects
A: unfitting armour, cold-blooded, AC +5
a: Berserk, Trog's Hand, Burn Spellbooks, Renounce Religion


You were on level 2 of the Dungeon.
You worshipped Trog.
Trog was pleased with you.
You were very hungry.

You visited 1 branch of the dungeon, and saw 2 of its levels.

You collected 63 gold pieces.

Inventory:

Hand Weapons
 a - a +0 hand axe (weapon)
Missiles
 c - 46 stones (quivered)
 h - 27 sling bullets
Jewellery
 g - an uncursed ring of poison resistance {unknown}
Scrolls
 d - 2 scrolls of identify {unknown}
 i - a scroll of magic mapping {unknown}
 j - a scroll of immolation {unknown}
Potions
 e - a potion of mutation {unknown}
 f - 2 potions of curing {unknown}
Comestibles
 b - 5 rations


   Skills:
 + Level 3.9 Fighting
 * Level 4.1 Axes
 + Level 3.3 Dodging


You had 3 spell levels left.
You didn't know any spells.

Dungeon Overview and Level Annotations

Branches:
Dungeon (2/15)

Altars:
Fedhas


Innate Abilities, Weirdness & Mutations

Your plain brown scales are hard. (AC +5)
You cannot fit into any form of body armour.
You are cold-blooded and may be slowed by cold attacks.


Message History

You closely miss the gnoll.
The gnoll is almost dead.
You slash the gnoll!
You kill the gnoll!
Trog accepts your kill. The dart slug completely misses you.
Items here: ))) † a flail x2; a whip; a gnoll corpse You hit the dart slug.
You tail-slap the dart slug.
The dart slug is severely wounded.
The dart slug launches a dart at you. The slug dart hits you!
* * * LOW HITPOINT WARNING * * *
You hit the dart slug.
The dart slug is almost dead.
You hit the dart slug but do no damage.
The dart slug is almost dead.
The dart slug launches a dart at you. The slug dart hits you!
You die...

#..g. ... #.. #####.###
#.......# .#.......#
#.........##
###.......w#####
#........@...#
.........####.######
..#.......#
#....>.#######
..........##
######.......#
##........####
#######.##
###...##....####.......#
###............#######
####.....<..[#
#.........#


You could see a dart slug.

Vanquished Creatures
  4 gnolls (D:2)
  An adder (D:2)
  An ooze (D:1)
  A worm (D:2)
  A giant cockroach (D:1)
  A goblin (D:1)
  4 hobgoblins
  4 jackals (D:1)
  4 bats
  3 kobolds (D:1)
  2 rats (D:1)
26 creatures vanquished.

Notes
Turn   | Place    | Note
-------+----------+-------------------------------------------
     0 | D:1      | sithsevirus the Draconian Berserker began the quest for the Orb.
     0 | D:1      | Reached XP level 1. HP: 19/19 MP: 1/1
   256 | D:1      | Reached XP level 2. HP: 25/26 MP: 2/2
   794 | D:2      | Found a blossoming altar of Fedhas.
  1045 | D:2      | Reached XP level 3. HP: 22/31 MP: 3/3
  1188 | D:2      | Reached ** piety under Trog
  1188 | D:2      | Reached skill level 4 in Axes
  1196 | D:2      | Reached XP level 4. HP: 13/40 MP: 4/4
  1205 | D:2      | HP: 2/40 [dart slug/slug dart (5)]
  1207 | D:2      | Killed from afar by a dart slug

Vault maps used:
D:1:      tarquinn_simple_flora_water_a
D:2:      fedhas_altar_3, kennysheep_generic_room_8

Skill      XL: |  1  2  3 |
---------------+----------+-----
Dodging        | 3 |  3.3
Axes           | 4 |  4.1
Fighting       | |  3.9

Action                   |  1- 3 |  4- 6 || total
-------------------------+-------+-------++-------
Melee: Hand axe          |    98 |    10 ||   108
       Tailslap          |     7 |     1 ||     8
Armor: Skin              |    26 |       ||    26
Dodge: Dodged            |    88 |     5 ||    93

Table legend:
 A = Spawn XP
 B = Non-spawn XP
 C = Spawn XP percentage of total XP
 D = Spawn monster count
 E = Non-spawn monster count
 F = Spawn count percentage of total count
 G = Total turns spent on level
                    A         B        C        D         E        F      G
               +---------+---------+-------+---------+---------+-------+---------
         Total |       0 |     115 |   0.0 |       0 |      26 |   0.0 |  1207
               +---------+---------+-------+---------+---------+-------+---------
           D:1 |       0 |      35 |   0.0 |       0 |      18 |   0.0 |   794
           D:2 |       0 |      80 |   0.0 |       0 |       8 |   0.0 |   413
               +---------+---------+-------+---------+---------+-------+---------
